[Event "42nd Olympiad Baku 2016 Open"]
[Site "Baku"]
[Date "2016.09.05"]
[Round "4.27"]
[White "Ralison, Milanto Harifidy"]
[Black "Aithmidou, Mohamed-Mehdi"]
[Result "1/2-1/2"]
[ECO "B34"]
[WhiteElo "2058"]
[BlackElo "2229"]
[Annotator ""]
[PlyCount "155"]
[EventDate "2016.??.??"]
[EventCountry "AZE"]
[SourceTitle "playchess.com"]
[Source "ChessBase"]
[WhiteTeam "Madagascar"]
[BlackTeam "Morocco"]
[WhiteTeamCountry "MAD"]
[BlackTeamCountry "MAR"]
[TimeControl "40/5400+30:1800+30"]

1. e4 {(00:00)} c5 {(00:00)} 2. Nf3 {(00:11)} Nc6 {
(00:00)} 3. d4 {(00:27)} cxd4 {(00:01)} 4. Nxd4 {(
00:06)} g6 {(00:09)} 5. Nc3 {(01:00)} Bg7 {(00:20)} 6. Be3
{(00:13)} Nf6 {(00:09)} 7. Nxc6 {(01:00)} bxc6 {(
00:55)} 8. e5 {(01:28)} Ng8 {(03:53)} 9. f4 {(02:04)} f6 {
(01:08)} 10. Bd4 {(02:00)} Qa5 {(05:30)} 11. Qe2 {(
04:31)} Rb8 {(01:27)} 12. O-O-O {(18:43)} fxe5 {(12:21)}
13. Bxe5 {(00:57)} Bxe5 {(00:10)} 14. Qxe5 {(00:20)} Qxe5
{(00:32)} 15. fxe5 {(00:07)} Rb4 {(13:06)} 16. g3 {
(02:22)} Nh6 {(02:25)} 17. Bh3 {(02:55)} Nf7 {(01:
35)} 18. Rhe1 {(02:15)} Ng5 {(00:44)} 19. Bg2 {(01:27)}
Rf8 {(02:41)} 20. h4 {(02:20)} Ne6 {(07:00)} 21. Bh3 {
(01:17)} Ng7 {(00:43)} 22. Ne4 {(04:21)} Rb5 {(00:
59)} 23. Nc3 {(03:00)} Rc5 {(01:20)} 24. Rd3 {(01:34)} Rf2
{(02:35)} 25. Re4 {(04:02)} Rh2 {(01:41)} 26. g4 {(
07:55)} Ba6 {(01:10)} 27. Rde3 {(01:05)} Rh1+ {(13:10)}
28. Kd2 {(00:52)} Ra5 {(01:15)} 29. a4 {(03:25)} Rh2+ {
(02:10)} 30. Kc1 {(02:09)} Rc5 {(04:56)} 31. g5 {(
02:48)} Rc4 {(01:08)} 32. b3 {(02:05)} Rxe4 {(00:49)} 33.
Nxe4 {(00:10)} Rh1+ {(00:57)} 34. Kb2 {(02:00)} Bf1 {
(00:51)} 35. Nf2 {(04:07)} Rh2 {(02:09)} 36. Bxf1 {
(00:51)} Rxf2 {(00:03)} 37. Bd3 {(00:49)} Ne6 {(11:
05)} 38. b4 {(04:22)} Kd8 {(01:33)} 39. Re4 {(02:25)} Nc7
{(01:13)} 40. Bc4 {(00:00)} Nd5 {(00:00)} 41. Kb3 {
(04:09)} Rf3+ {(02:20)} 42. Bd3 {(01:00)} Nf4 {(00:
53)} 43. Kc3 {(02:45)} Kc7 {(01:57)} 44. b5 {(01:14)} Nd5+
{(09:34)} 45. Kd2 {(03:06)} Kb6 {(03:54)} 46. e6 {(
03:14)} Kc7 {(04:15)} 47. exd7 {(02:33)} Kxd7 {(00:31)}
48. Rd4 {(02:29)} e5 {(04:26)} 49. Re4 {(00:55)} cxb5 {
(00:40)} 50. axb5 {(01:24)} Kd6 {(00:41)} 51. Ra4 {
(00:21)} Rf2+ {(01:09)} 52. Ke1 {(00:37)} Rf7 {(00:
29)} 53. Kd2 {(04:12)} Nb6 {(00:39)} 54. Re4 {(01:15)} Nd7
{(01:21)} 55. h5 {(06:11)} Nc5 {(04:41)} 56. Rh4 {(
01:03)} Rf2+ {(02:36)} 57. Ke3 {(01:47)} Rg2 {(00:45)} 58.
hxg6 {(00:31)} hxg6 {(00:06)} 59. Bxg6 {(01:52)} Rxg5 {
(00:24)} 60. Rh6 {(01:39)} Rg3+ {(01:42)} 61. Kd2 {
(01:57)} Kd5 {(00:56)} 62. Bf7+ {(00:39)} Kd4 {(00:
51)} 63. Rd6+ {(01:09)} Ke4 {(00:02)} 64. Bd5+ {(00:52)}
Kf5 {(00:35)} 65. Rc6 {(01:12)} Ne4+ {(00:43)} 66. Bxe4+ {
(01:20)} Kxe4 {(00:01)} 67. Rc7 {(00:34)} Ra3 {(01:
10)} 68. Rd7 {(01:01)} Kf5 {(00:57)} 69. c4 {(00:38)} Ke6
{(00:19)} 70. Rd8 {(00:21)} Rh3 {(00:48)} 71. Kc2 {
(01:01)} e4 {(00:57)} 72. Re8+ {(00:27)} Kd6 {(00:
46)} 73. Rc8 {(02:24)} Rg3 {(00:30)} 74. c5+ {(00:32)} Kd5
{(00:24)} 75. Rc7 {(03:52)} Rh3 {(00:44)} 76. c6 {(
00:49)} Kc5 {(00:25)} 77. Rd7 {(00:42)} Rh8 {(00:12)} 78.
Rxa7 {(01:47)} 1/2-1/2

[Event "42nd Olympiad Baku 2016 Open"]
[Site "Baku"]
[Date "2016.09.05"]
[Round "4.23"]
[White "Ramos, Efren Andres"]
[Black "Abdullah, Mohd Kamal"]
[Result "1-0"]
[ECO "A56"]
[WhiteElo "2199"]
[BlackElo "2100"]
[Annotator ""]
[PlyCount "74"]
[EventDate "2016.??.??"]
[EventCountry "AZE"]
[SourceTitle "playchess.com"]
[Source "ChessBase"]
[WhiteTeam "Panama"]
[BlackTeam "Malaysia"]
[WhiteTeamCountry "PAN"]
[BlackTeamCountry "MAS"]
[TimeControl "40/5400+30:1800+30"]

1. d4 {(00:09)} Nf6 {(00:00)} 2. c4 {(00:06)} c5 {(
00:07)} 3. Nf3 {(00:51)} g6 {(00:48)} 4. g3 {(00:14)} Bg7
{(02:56)} 5. Bg2 {(00:11)} O-O {(00:47)} 6. O-O {(
00:31)} cxd4 {(02:03)} 7. Nxd4 {(01:00)} Nc6 {(02:22)} 8.
Nc3 {(00:36)} Qb6 {(03:26)} 9. Nc2 {(05:14)} d6 {(
02:09)} 10. b3 {(06:44)} Be6 {(06:05)} 11. Bb2 {(01:47)}
Bxc4 {(01:15)} 12. Na4 {(06:28)} Qa6 {(00:59)} 13. Bxc6 {
(03:49)} Bxe2 {(00:15)} 14. Nb4 {(02:34)} Bxd1 {(
03:29)} 15. Nxa6 {(00:15)} Bxb3 {(09:16)} 16. axb3 {(05:
14)} bxc6 {(00:07)} 17. Rfe1 {(01:07)} e6 {(16:38)} 18. b4
{(01:29)} Rfc8 {(04:56)} 19. Rac1 {(01:23)} Kf8 {(
02:40)} 20. Rc2 {(00:52)} Ke7 {(00:13)} 21. Rec1 {(00:59)}
Kd7 {(01:57)} 22. Rd1 {(03:25)} Ke7 {(00:59)} 23. Rdc1 {
(02:15)} Kd7 {(01:04)} 24. Rd1 {(14:48)} Ke7 {(00:
14)} 25. Bxf6+ {(10:50)} Bxf6 {(00:15)} 26. Rdc1 {(00:07)}
Kd7 {(00:32)} 27. Rd1 {(00:10)} Ke7 {(00:07)} 28. Kf1 {
(02:07)} e5 {(05:10)} 29. Nb2 {(04:01)} d5 {(10:52]
} 30. Nd3 {(05:21)} Bg7 {(11:05)} 31. Ndc5 {(03:16)} f6 {
(05:46)} 32. Nb3 {(01:06)} Bh6 {(01:25)} 33. Na5 {(
01:09)} Kd6 {(02:30)} 34. Rc5 {(02:06)} d4 {(03:09)} 35.
f4 {(00:40)} Bg7 {(01:15)} 36. Nc4+ {(00:37)} Ke6 37. fxe5
fxe5 1-0

[Event "42nd Olympiad Baku 2016 Open"]
[Site "Baku"]
[Date "2016.09.05"]
[Round "4.29"]
[White "Rapport, Richard"]
[Black "Ampie, Mauro"]
[Result "1-0"]
[ECO "A05"]
[WhiteElo "2752"]
[BlackElo "2348"]
[Annotator ""]
[PlyCount "127"]
[EventDate "2016.??.??"]
[EventCountry "AZE"]
[SourceTitle "playchess.com"]
[Source "ChessBase"]
[WhiteTeam "Hungary"]
[BlackTeam "Nicaragua"]
[WhiteTeamCountry "HUN"]
[BlackTeamCountry "NCA"]
[TimeControl "40/5400+30:1800+30"]

1. Nf3 {(00:00)} Nf6 {(00:00)} 2. g3 {(00:00)} b6 {
(00:04)} 3. Bg2 {(00:01)} Bb7 {(00:04)} 4. O-O {(
00:07)} e6 {(02:18)} 5. d3 {(00:37)} d5 {(03:23)} 6. Nbd2
{(00:44)} Nbd7 {(00:08)} 7. Re1 {(04:33)} Bc5 {(01:
21)} 8. c4 {(05:14)} O-O {(01:58)} 9. Qc2 {(01:19)} Bd6 {
(13:41)} 10. cxd5 {(09:33)} exd5 {(00:56)} 11. Nd4 {
(00:04)} c5 {(04:32)} 12. Nf5 {(02:14)} Bc7 {(00:
30)} 13. Nf3 {(03:15)} Re8 {(04:53)} 14. Bg5 {(01:40)} Nf8
{(05:31)} 15. b4 {(03:12)} h6 {(04:33)} 16. Bd2 {(
09:18)} Ne6 {(12:10)} 17. bxc5 {(03:23)} bxc5 {(01:21)}
18. Rab1 {(01:10)} Bc6 {(04:55)} 19. N3h4 {(13:17)} Ba5 {
(02:44)} 20. Rec1 {(02:35)} Bxd2 {(05:40)} 21. Qxd2 {
(00:02)} Qc7 {(00:17)} 22. Nf3 {(10:14)} Rab8 {(01:
23)} 23. Rb3 {(02:04)} Rxb3 {(05:52)} 24. axb3 {(00:03)}
Rb8 {(00:05)} 25. Qc3 {(04:58)} Qd8 {(00:38)} 26. Ne5 {
(02:29)} Be8 {(00:39)} 27. Ra1 {(02:34)} Qb6 {(01:
50)} 28. Ra3 {(05:30)} Nd4 {(01:35)} 29. Nxd4 {(00:14)}
cxd4 {(00:04)} 30. Qa1 {(00:14)} Rc8 {(05:16)} 31. Rxa7 {
(02:25)} Rc3 {(01:58)} 32. h3 {(03:07)} Rxb3 {(00:
54)} 33. Kh2 {(00:08)} Rb1 {(03:42)} 34. Qa3 {(00:39)} Qb4
{(04:25)} 35. Qxb4 {(00:46)} Rxb4 {(00:05)} 36. Ra8 {
(01:23)} Kh7 {(02:01)} 37. f4 {(02:37)} g5 {(01:04]
} 38. fxg5 {(01:31)} hxg5 {(00:06)} 39. Kg1 {(00:09)} Kg7
{(05:27)} 40. g4 {(00:00)} Rb2 {(00:00)} 41. Kf2 {(
02:30)} Rb4 {(06:03)} 42. h4 {(04:11)} Bd7 {(06:46)} 43.
Bf3 {(00:23)} Be6 {(00:45)} 44. hxg5 {(00:16)} Nh7 {
(00:33)} 45. g6 {(00:15)} fxg6 {(02:33)} 46. Ra7+ {
(00:08)} Kf6 {(01:53)} 47. Nc6 {(01:30)} Rb6 {(00:
02)} 48. Nxd4 {(00:16)} Bf7 {(03:15)} 49. Bxd5 {(02:51)}
Bxd5 {(02:53)} 50. Rxh7 {(00:08)} Rb4 {(00:40)} 51. Ke3 {
(00:15)} Kg5 {(00:54)} 52. Rd7 {(00:12)} Bb7 {(02:
15)} 53. Rd6 {(00:22)} Bc8 {(01:46)} 54. Nf3+ {(00:13)}
Kxg4 {(00:56)} 55. Rxg6+ {(00:12)} Kf5 {(00:10)} 56. Rh6 {
(01:40)} Bb7 {(00:38)} 57. Nd4+ {(00:12)} Ke5 {(00:
15)} 58. Nc6+ {(00:11)} Bxc6 {(00:08)} 59. Rxc6 {(00:04)}
Rh4 {(01:18)} 60. d4+ {(00:19)} Rxd4 {(00:22)} 61. Re6+ {
(00:13)} Kxe6 {(00:11)} 62. Kxd4 {(00:02)} Kd6 {(
00:07)} 63. Ke4 {(00:03)} Ke6 {(00:06)} 64. e3 {(00:03]
Kd5+} 1-0

[Event "42nd Olympiad Baku 2016 Open"]
[Site "Baku"]
[Date "2016.09.05"]
[Round "4.16"]
[White "Rasmussen, Allan Stig"]
[Black "Juarez Flores, Gustavo E"]
[Result "1-0"]
[ECO "B06"]
[WhiteElo "2522"]
[BlackElo "2114"]
[Annotator ""]
[PlyCount "83"]
[EventDate "2016.??.??"]
[EventCountry "AZE"]
[SourceTitle "playchess.com"]
[Source "ChessBase"]
[WhiteTeam "Denmark"]
[BlackTeam "Guatemala"]
[WhiteTeamCountry "DEN"]
[BlackTeamCountry "GUA"]
[TimeControl "40/5400+30:1800+30"]

1. d4 {(00:00)} g6 {(00:00)} 2. e4 {(00:00)} Bg7 {(
00:00)} 3. Nc3 {(00:00)} d6 {(00:44)} 4. Be3 {(00:06)} Nc6
{(01:12)} 5. Qd2 {(07:05)} e5 {(00:38)} 6. Nge2 {(
03:31)} f5 {(01:49)} 7. exf5 {(03:14)} Bxf5 {(05:28)} 8.
O-O-O {(14:05)} Nf6 {(11:30)} 9. dxe5 {(02:48)} dxe5 {
(03:12)} 10. Qe1 {(02:43)} Qe7 {(02:08)} 11. Ng3 {(
00:49)} O-O {(05:34)} 12. Bc4+ {(09:41)} Be6 {(04:26)} 13.
Qe2 {(00:56)} Qf7 {(06:46)} 14. Bxe6 {(02:20)} Qxe6 {
(00:04)} 15. f3 {(03:55)} a6 {(03:16)} 16. Kb1 {(
02:18)} b5 {(03:35)} 17. Nge4 {(10:17)} Nxe4 {(04:27)} 18.
Nxe4 {(00:03)} Nb4 {(08:32)} 19. Nc3 {(03:34)} Rfd8 {
(03:58)} 20. Bg5 {(03:37)} Rxd1+ {(10:24)} 21. Rxd1 {
(00:27)} Re8 {(03:51)} 22. Qe4 {(02:09)} Qf5 {(03:
22)} 23. Bd8 {(08:17)} Qxe4 {(02:50)} 24. Nxe4 {(01:58)}
c6 {(01:11)} 25. Rd6 {(01:27)} Nd5 {(00:48)} 26. Bg5 {
(02:24)} h6 {(00:40)} 27. Bd2 {(00:35)} Ne7 {(00:
29)} 28. Bb4 g5 29. a3 Rc8 30. Rd7 Nd5 31. Nd6 Rc7 32. Rd8+ Kh7 33. Ba5 Re7 34.
g4 e4 35. fxe4 Nf6 36. Bc3 Kg6 37. h3 Nxe4 38. Nxe4 Rxe4 39. Rd6+ Kf7 40. Rd7+
Ke6 41. Rxg7 Re3 42. Rg6+ 1-0

[Event "42nd Olympiad Baku 2016 Open"]
[Site "Baku"]
[Date "2016.09.05"]
[Round "4.1"]
[White "Rayes, Abdul Kader"]
[Black "Eid, Fadi"]
[Result "1-0"]
[ECO "A45"]
[WhiteElo "2254"]
[BlackElo "2354"]
[Annotator ""]
[PlyCount "67"]
[EventDate "2016.??.??"]
[EventCountry "AZE"]
[SourceTitle "playchess.com"]
[Source "ChessBase"]
[WhiteTeam "Syria"]
[BlackTeam "Lebanon"]
[WhiteTeamCountry "SYR"]
[BlackTeamCountry "LBN"]
[TimeControl "40/5400+30:1800+30"]

1. d4 {(00:00)} Nf6 {(00:00)} 2. g3 {(00:01)} g6 {(
00:14)} 3. Bg2 {(00:30)} Bg7 {(00:18)} 4. Nf3 {(00:22)}
O-O {(00:08)} 5. O-O {(00:52)} d6 {(00:16)} 6. a4 {
(01:32)} a5 {(05:02)} 7. Nc3 {(00:32)} Nc6 {(05:12]
} 8. e4 {(02:24)} Bg4 {(01:27)} 9. h3 {(02:02)} Bxf3 {
(02:41)} 10. Bxf3 {(00:20)} e5 {(00:40)} 11. d5 {(
00:19)} Nd4 {(00:55)} 12. Bg2 {(00:02)} c6 {(00:07)} 13.
dxc6 {(03:54)} bxc6 {(00:15)} 14. b3 {(00:48)} Qc7 {
(04:40)} 15. Be3 {(06:38)} Rad8 {(07:33)} 16. Rc1 {
(07:52)} Rfe8 {(02:34)} 17. f4 {(06:02)} Nh5 {(01:
30)} 18. g4 {(03:06)} Ng3 {(07:19)} 19. Rf2 {(02:32)} f5 {
(00:06)} 20. exf5 {(13:18)} gxf5 {(00:10)} 21. Kh2 {
(02:08)} Ne6 {(03:24)} 22. Bd2 {(06:06)} exf4 {(02:
11)} 23. gxf5 {(00:17)} Nxf5 {(00:24)} 24. Qh5 {(09:33)}
Ng3 {(05:41)} 25. Qh4 {(07:35)} Qb6 {(09:03)} 26. Rf3 {
(07:51)} Nf5 {(00:48)} 27. Qh5 {(01:24)} Nfd4 {(01:
12)} 28. Rg1 {(04:24)} Rf8 {(03:12)} 29. Ne4 {(04:22)} Rf5
{(00:31)} 30. Qg4 {(01:08)} d5 {(02:37)} 31. Rff1 {
(07:01)} h5 {(00:54)} 32. Qg6 {(00:20)} Nf8 {(00:
39)} 33. Nf6+ {(00:29)} Rxf6 {(00:14)} 34. Bxd5+ {(00:03)}
1-0

[Event "42nd Olympiad Baku 2016 Open"]
[Site "Baku"]
[Date "2016.09.05"]
[Round "4.2"]
[White "Rios, Cristhian Camilo"]
[Black "Pancevski, Filip"]
[Result "1/2-1/2"]
[ECO "A42"]
[WhiteElo "2489"]
[BlackElo "2503"]
[Annotator ""]
[PlyCount "124"]
[EventDate "2016.??.??"]
[EventCountry "AZE"]
[SourceTitle "playchess.com"]
[Source "ChessBase"]
[WhiteTeam "Colombia"]
[BlackTeam "Macedonia"]
[WhiteTeamCountry "COL"]
[BlackTeamCountry "MKD"]
[TimeControl "40/5400+30:1800+30"]

1. d4 {(00:00)} g6 {(00:00)} 2. c4 {(00:13)} d6 {(
00:00)} 3. Nc3 {(00:06)} Bg7 {(00:00)} 4. e4 {(00:29)} e5
{(00:03)} 5. Nge2 {(00:17)} Nc6 {(00:30)} 6. Be3 {(
00:06)} Nh6 {(00:23)} 7. f3 {(04:43)} f5 {(00:37)} 8. d5 {
(02:08)} Ne7 {(03:50)} 9. Qd2 {(01:50)} Nf7 {(00:
53)} 10. O-O-O {(05:41)} O-O {(03:41)} 11. Kb1 {(03:04)}
c5 {(14:07)} 12. dxc6 {(07:10)} bxc6 {(02:40)} 13. c5 {
(07:25)} d5 {(07:57)} 14. exd5 {(00:16)} cxd5 {(01:
57)} 15. Nxd5 {(00:19)} f4 {(02:50)} 16. Bf2 {(08:26)}
Bf5+ {(02:03)} 17. Ka1 {(02:41)} Nxd5 {(07:56)} 18. Qxd5 {
(01:35)} Be6 {(08:37)} 19. Qxd8 {(19:10)} Rfxd8 {(
00:11)} 20. Rxd8+ {(01:52)} Rxd8 {(00:07)} 21. Kb1 {(00:
17)} g5 {(36:38)} 22. Kc1 {(05:58)} Bxa2 {(03:10)} 23. Nc3
{(00:12)} Bb3 {(01:00)} 24. Ba6 {(00:15)} e4 {(00:
39)} 25. Nxe4 {(01:29)} Ne5 {(00:30)} 26. Nxg5 {(04:40)}
Nc6 {(01:13)} 27. Ne4 {(00:23)} Nb4 {(00:55)} 28. Be2 {
(00:18)} a5 {(00:40)} 29. Be1 {(02:46)} Bd4 {(00:
44)} 30. Bxb4 {(04:01)} axb4 {(00:03)} 31. Kb1 {(01:33)}
Ra8 {(00:53)} 32. Nd2 {(01:11)} Ba2+ {(00:35)} 33. Kc2 {
(00:34)} Bxc5 {(00:29)} 34. Bc4+ {(03:15)} Bxc4 {(
00:21)} 35. Nxc4 {(00:05)} Re8 {(00:35)} 36. Rd1 {(00:14)}
Kg7 {(00:10)} 37. Rd5 {(01:09)} Bg1 {(00:33)} 38. h3 {
(00:18)} Kf6 {(00:13)} 39. Rd6+ {(01:34)} Kg5 {(00:
24)} 40. Rd1 {(00:00)} Re2+ {(00:00)} 41. Rd2 {(01:22)}
Re1 {(12:21)} 42. Kb3 {(03:04)} Kh4 {(08:08)} 43. Nd6 {
(03:55)} Kg3 {(00:26)} 44. Ne4+ {(11:55)} Kh2 {(00:
42)} 45. h4 {(00:07)} Be3 {(02:44)} 46. Rc2 {(00:05)} Rc1
{(03:58)} 47. Re2 {(03:18)} Kg1 {(01:34)} 48. g3 {(
12:25)} Kf1 {(00:16)} 49. Rh2 {(02:02)} Kg1 {(00:16)} 50.
Rc2 {(00:12)} Rxc2 {(00:21)} 51. Kxc2 {(00:04)} fxg3 {
(00:34)} 52. Nxg3 {(00:10)} Kf2 {(00:32)} 53. Nf5 {
(00:05)} Bc5 {(00:13)} 54. Kd3 {(05:14)} Kxf3 {(00:
06)} 55. Kc4 {(02:08)} Bf8 {(00:45)} 56. Nd4+ {(01:22)}
Kg4 {(00:24)} 57. Nc6 {(00:07)} Kxh4 {(00:31)} 58. Nxb4 {
(00:04)} Kg3 {(00:23)} 59. Nd5 {(00:09)} h5 {(00:
10)} 60. Ne3 {(00:37)} Kf3 {(00:41)} 61. Nf5 {(00:11)} Kf4
{(00:45)} 62. Kd3 {(01:28)} Kxf5 {(02:30] Ke4+ Ke5+}
1/2-1/2

[Event "42nd Olympiad Baku 2016 Open"]
[Site "Baku"]
[Date "2016.09.05"]
[Round "4.29"]
[White "Rodriguez Vila, Andres"]
[Black "Manan, Yoboue Hermann"]
[Result "1-0"]
[ECO "C54"]
[WhiteElo "2453"]
[BlackElo "2115"]
[Annotator ""]
[PlyCount "47"]
[EventDate "2016.??.??"]
[EventCountry "AZE"]
[SourceTitle "playchess.com"]
[Source "ChessBase"]
[WhiteTeam "Uruguay"]
[BlackTeam "CIV"]
[WhiteTeamCountry "URU"]
[TimeControl "40/5400+30:1800+30"]

1. e4 {(00:00)} e5 {(00:00)} 2. Nf3 {(00:00)} Nc6 {
(00:00)} 3. Bc4 {(00:00)} Bc5 {(00:08)} 4. c3 {(00:
00)} Nf6 {(00:21)} 5. d3 {(00:00)} d6 {(00:58)} 6. O-O {
(00:02)} O-O {(00:11)} 7. Bg5 {(00:23)} Bb6 {(01:
54)} 8. Nbd2 {(00:15)} Be6 {(03:43)} 9. a4 {(01:57)} a6 {
(00:55)} 10. Re1 {(00:39)} h6 {(02:53)} 11. Bh4 {(
01:16)} g5 {(01:17)} 12. Nxg5 {(00:50)} hxg5 {(00:06)} 13.
Bxg5 {(00:02)} Kg7 {(00:19)} 14. Qf3 {(00:06)} Nb8 {
(01:36)} 15. Qg3 {(06:40)} Rg8 {(00:13)} 16. d4 {(
03:31)} Bxc4 {(18:00)} 17. Nxc4 {(03:28)} Nbd7 {(00:59)}
18. Rad1 {(05:11)} Qe7 {(08:03)} 19. Ne3 {(03:20)} Kf8 {
(03:00)} 20. Nf5 {(00:30)} Qd8 {(01:30)} 21. Qh4 {(
02:51)} Rg6 {(03:01)} 22. Rd3 {(02:24)} a5 {(01:43)} 23.
Rg3 {(00:37)} Ra6 {(01:13)} 24. Qh8+ {(00:17)} 1-0

[Event "42nd Olympiad Baku 2016 Open"]
[Site "Baku"]
[Date "2016.09.05"]
[Round "4.18"]
[White "Rombaldoni, Axel"]
[Black "Ding, Liren"]
[Result "0-1"]
[ECO "D43"]
[WhiteElo "2567"]
[BlackElo "2753"]
[Annotator ""]
[PlyCount "108"]
[EventDate "2016.??.??"]
[EventCountry "AZE"]
[SourceTitle "playchess.com"]
[Source "ChessBase"]
[WhiteTeam "Italy"]
[BlackTeam "China"]
[WhiteTeamCountry "ITA"]
[BlackTeamCountry "CHN"]
[TimeControl "40/5400+30:1800+30"]

1. d4 {(00:00)} d5 {(00:00)} 2. c4 {(00:00)} c6 {(
00:00)} 3. Nf3 {(00:22)} Nf6 {(00:00)} 4. Nc3 {(00:48)} e6
{(00:21)} 5. g3 {(00:32)} dxc4 {(00:44)} 6. Bg2 {(
00:38)} Nbd7 {(00:22)} 7. O-O {(00:34)} b5 {(00:12)} 8. e4
{(00:03)} b4 {(00:13)} 9. e5 {(00:09)} Nd5 {(00:11]
} 10. Ne4 {(00:12)} N7b6 {(00:47)} 11. Re1 {(07:00)} a5 {
(03:46)} 12. Nc5 {(09:52)} Bxc5 {(29:51)} 13. dxc5 {
(00:22)} Nd7 {(00:02)} 14. Nd2 {(14:19)} Ba6 {(10:
25)} 15. Qg4 {(11:13)} O-O {(00:48)} 16. Nxc4 {(01:33)} f5
{(02:45)} 17. Qd4 {(07:15)} Bxc4 {(00:05)} 18. Qxc4 {
(00:06)} Rb8 {(03:28)} 19. Bd2 {(25:46)} Qe7 {(12:
31)} 20. Rac1 {(00:44)} Rb5 {(00:09)} 21. Qd4 {(01:22)}
Rc8 {(00:08)} 22. Be3 {(06:40)} Nxe3 {(03:25)} 23. Qxe3 {
(00:08)} Rxc5 {(00:58)} 24. Rxc5 {(00:47)} Qxc5 {(
02:09)} 25. Qd2 {(02:31)} Qe7 {(06:17)} 26. Qd4 {(03:03)}
c5 {(03:59)} 27. Qc4 {(00:05)} Rc7 {(05:37)} 28. f4 {
(02:06)} Nf8 {(05:05)} 29. Rd1 {(05:19)} g5 {(00:
07)} 30. g4 {(00:22)} Kg7 {(03:46)} 31. gxf5 {(00:30)}
exf5 {(00:03)} 32. Rd6 {(01:03)} Ng6 {(00:05)} 33. Rf6 {
(00:33)} Nxf4 {(02:11)} 34. Rxf5 {(00:09)} Rd7 {(
00:08)} 35. Bf3 {(00:09)} h6 {(01:28)} 36. h4 {(01:09)}
Rd4 {(02:37)} 37. Qc2 {(00:24)} gxh4 {(00:31)} 38. Qh2 {
(00:40)} Ne6 {(02:13)} 39. Qg2+ {(00:30)} Ng5 {(00:
11)} 40. Bh5 {(00:00)} Rd3 {(00:00)} 41. Qc6 {(01:59)}
Rg3+ {(11:24)} 42. Kf1 {(01:08)} Qd8 {(00:05)} 43. Qf6+ {
(06:58)} Qxf6 {(00:04)} 44. exf6+ {(00:03)} Kg8 {(
01:38)} 45. Rxc5 {(06:44)} Nh7 {(04:07)} 46. Rc8+ {(03:43]
} Nf8 {(00:02)} 47. Rc4 {(10:07)} h3 {(02:46)} 48. Rh4 {
(00:42)} Nh7 {(04:54)} 49. f7+ {(00:53)} Kg7 {(00:
06)} 50. Kf2 {(00:37)} Rg2+ {(00:14)} 51. Kf1 {(00:14)}
Rxb2 {(04:45)} 52. Rxh3 {(00:39)} Rxa2 {(00:23)} 53. Rg3+
{(01:49)} Ng5 {(00:15)} 54. Rd3 {(00:01)} Rh2 {(00:
48)} 0-1

[Event "42nd Olympiad Baku 2016 Open"]
[Site "Baku"]
[Date "2016.09.05"]
[Round "4.20"]
[White "Romero Barreto, Jaime Jose"]
[Black "Sezdbekov, Ruslan"]
[Result "0-1"]
[ECO "C42"]
[WhiteElo "2245"]
[BlackElo "2127"]
[Annotator ""]
[PlyCount "109"]
[EventDate "2016.??.??"]
[EventCountry "AZE"]
[SourceTitle "playchess.com"]
[Source "ChessBase"]
[WhiteTeam "Venezuela"]
[BlackTeam "Kyrgyzstan"]
[WhiteTeamCountry "VEN"]
[BlackTeamCountry "KGZ"]
[TimeControl "40/5400+30:1800+30"]

1. e4 {(00:00)} e5 {(00:00)} 2. Nf3 {(00:00)} Nf6 {
(00:00)} 3. Nxe5 {(01:16)} d6 {(00:00)} 4. Nf3 {(
00:04)} Nxe4 {(00:00)} 5. Nc3 {(00:15)} Nxc3 {(00:07)} 6.
dxc3 {(00:05)} Be7 {(00:17)} 7. Bf4 {(07:01)} O-O {
(00:49)} 8. Qd2 {(00:06)} Be6 {(00:58)} 9. O-O-O {(
25:34)} a5 {(07:27)} 10. Kb1 {(01:33)} Nc6 {(02:04)} 11.
Bd3 {(07:50)} Bf6 {(03:04)} 12. Ng5 {(02:46)} Bxg5 {
(04:28)} 13. Bxg5 {(00:06)} Qd7 {(00:18)} 14. h4 {(
13:12)} Ne5 {(01:35)} 15. Bf1 {(06:12)} b5 {(02:03)} 16.
h5 {(00:24)} f6 {(01:51)} 17. Bf4 {(06:39)} Qf7 {(
04:51)} 18. a3 {(04:52)} Rfb8 {(00:19)} 19. Bxe5 {(04:55)}
dxe5 {(03:32)} 20. Be2 {(00:21)} b4 {(04:20)} 21. cxb4 {
(02:57)} axb4 {(00:16)} 22. axb4 {(00:50)} Ba2+ {(
13:22)} 23. Kc1 {(00:37)} Bc4 {(00:20)} 24. b3 {(02:01)}
Bxe2 {(01:34)} 25. Qxe2 {(00:05)} Rxb4 {(00:26)} 26. Kb2 {
(00:41)} c5 {(03:40)} 27. Qf3 {(02:50)} Rab8 {(04:
55)} 28. Qd5 {(00:52)} c4 {(00:38)} 29. Rh3 {(00:22)} Qxd5
{(04:44)} 30. Rxd5 {(00:05)} R8b7 {(00:15)} 31. Rc5 {
(02:39)} Kf7 {(01:41)} 32. Rc6 {(01:00)} Ke7 {(02:
06)} 33. Rg3 {(01:12)} Kf7 {(01:01)} 34. Rc3 {(02:32)}
cxb3 {(01:24)} 35. Rxb3 {(00:15)} g6 {(01:14)} 36. h6 {
(03:28)} g5 {(00:38)} 37. Kc3 {(00:04)} Rxb3+ {(01:
03)} 38. cxb3 {(00:01)} Kg6 {(01:16)} 39. b4 {(00:08)} g4
{(02:05)} 40. Kc4 {(00:00)} Kxh6 {(00:00)} 41. Rxf6+ {
(09:08)} Kg5 {(04:41)} 42. Rf8 {(00:12)} h5 {(04:
12)} 43. g3 {(01:50)} Rc7+ {(01:34)} 44. Kd5 {(00:28)} Rb7
{(00:08)} 45. Kc5 {(00:56)} Rc7+ {(00:06)} 46. Kb6 {
(01:34)} Rc3 {(00:09)} 47. b5 {(01:53)} Rf3 {(01:
02)} 48. Rxf3 {(01:01)} gxf3 {(02:05)} 49. Kc5 {(00:05)}
Kg4 {(02:22)} 50. b6 {(00:49)} Kh3 {(00:32)} 51. b7 {
(00:07)} Kg2 {(00:11)} 52. b8=Q {(00:38)} Kxf2 {(
01:25)} 53. Qxe5 {(00:06)} Kg2 {(01:20)} 54. Qxh5 {(00:11]
} Kxg3 {(00:03)} 55. Kd4 {(00:10)} 0-1